Jets vs Flames

Created - 9 janvier 2015 at 19:18

Goals
1 2 3 T
Jets 2 0 1 3
Flames 2 0 2 4
Shots
1 2 3 T
Jets 16 12 7 35
Flames 10 7 14 31

1st period

1. Flames , Michal Handzus 16 (Alexander Semin, David Backes) at 2:50
2. Jets , Tuomo Ruutu 6 (Mikko Koivu, Eric Fehr) at 11:18
3. Flames , David Backes 21 (Alexander Semin, Michal Handzus) at 17:29
4. Jets , Adam Burish 17 (Jussi Jokinen) at 19:02

Penalties :
No Penalty

2nd period

No Goal

Penalties :
Mikko Koivu (Win) for High sticking (Minor) at 7:32, Mikko Koivu (Win) for Roughing (Minor) at 12:13

3rd period

5. Jets , Fredrik Sjostrom 12 (Greg Campbell, Michal Rozsival) at 13:55
6. Flames , Mark Bell 11 (Tomas Kaberle, Patrik Berglund) at 19:23 (PP)
7. Flames , Milan Hejduk 11 (Mikhail Grabovski, Tomas Kaberle) at 19:33

Penalties :
Eric Fehr (Win) for Slashing (Minor) at 1:39, Tomas Kaberle (Cal) for Hooking (Minor) at 11:15, Tom Preissing (Win) for Tripping (Minor) at 19:16

Goalie Stats

Maxime Daigneault (Win), 27 saves from 31 shots - (0,871), L, 11-13-2, 60:00 minutes
Pekka Rinne (Cal), 32 saves from 35 shots - (0,914), W, 17-12-5, 59:08 minutes

Players Stats for Jets

Player Name              G  A  P  +/- PIM S  H  SB GA TA FO     MP     PP MP  PK MP  
------------------------------------------------------------------------------------
Adam Burish              1  0  1   0  0   2  1  2  0  0  1/2    17:12   1:00   2:53 
Benoit Pouliot           0  0  0  -1  0   3  1  0  0  1  1/2    20:30   0:59   1:21 
Colin White              0  0  0   2  0   0  0  0  0  0  0/0    14:32   0:00   2:29 
Derek Roy                0  0  0  -1  0   0  2  1  0  0  15/28  21:51   0:59   3:11 
Dmitri Kalinin           0  0  0  -2  0   1  1  0  1  2  0/0    23:30   0:53   3:35 
Dustin Brown             0  0  0  -1  0   5  1  0  1  1  3/4    18:44   0:59   0:00 
Eric Fehr                0  1  1   0  2   1  0  0  0  0  0/0     6:44   0:00   0:00 
Fredrik Sjostrom         1  0  1   1  0   3  2  0  0  0  0/0    16:08   0:00   1:27 
Greg Campbell            0  1  1   1  0   1  0  2  1  0  2/7    16:29   0:00   1:38 
Jussi Jokinen            0  1  1   0  0   3  4  0  0  1  0/0    13:52   1:00   0:00 
Marek Zidlicky           0  0  0   2  0   1  0  2  0  1  0/0    12:03   0:00   0:00 
Mark Streit              0  0  0   0  0   0  2  0  0  3  0/0    18:38   1:06   0:00 
Michal Rozsival          0  1  1  -1  0   4  0  0  0  1  0/0    27:44   1:06   3:35 
Mikko Koivu              0  1  1   0  4   7  3  0  1  1  8/15   19:50   1:00   0:00 
Niklas Hjalmarsson       0  0  0   0  0   0  0  0  0  0  0/0     3:20   0:00   0:00 
Ryan Callahan            0  0  0   1  0   1  2  0  1  0  0/0    13:59   0:00   0:00 
Tom Preissing            0  0  0  -1  2   0  0  1  0  1  0/0    20:12   0:53   2:29 
Tuomo Ruutu              1  0  1   0  0   3  1  0  0  0  1/1     8:34   0:00   1:38 

Players Stats for Flames

Player Name              G  A  P  +/- PIM S  H  SB GA TA FO     MP     PP MP  PK MP  
------------------------------------------------------------------------------------
Alexander Semin          0  2  2   1  0   1  0  0  2  1  2/2    21:28   3:00   0:16 
Craig Adams              0  0  0  -1  0   2  0  0  0  0  0/1     8:19   0:18   0:00 
David Backes             1  1  2   1  0   7  1  0  2  0  5/5    21:33   3:00   0:31 
Derek Meech              0  0  0  -1  0   1  0  1  0  0  0/0    13:39   0:00   1:16 
Erik Johnson             0  0  0   1  0   0  3  2  1  0  0/0    19:37   3:17   1:16 
Filip Kuba               0  0  0   1  0   2  0  3  1  4  0/0    22:52   2:47   0:43 
Jordin Tootoo            0  0  0   0  0   2  2  0  0  0  0/0    14:23   0:00   0:28 
Marcel Goc               0  0  0   0  0   2  1  0  0  0  4/12   14:40   0:18   0:00 
Mark Bell                1  0  1   0  0   1  2  0  0  0  0/0    16:31   2:46   0:00 
Michal Handzus           1  1  2   1  0   1  1  0  1  0  11/23  22:06   3:00   1:08 
Mike Leclerc             0  0  0  -1  0   3  3  0  0  0  0/1     9:26   0:18   1:07 
Mikhail Grabovski        0  1  1   0  0   3  2  0  0  0  3/10   12:27   0:00   0:28 
Milan Hejduk             1  0  1   0  0   1  0  0  1  0  0/1    14:45   2:46   0:00 
Patrik Berglund          0  1  1  -1  0   1  1  0  1  0  2/3    10:20   2:46   0:00 
Ron Hainsey              0  0  0  -1  0   0  0  2  0  0  0/0    15:13   2:47   0:00 
Steve Eminger            0  0  0   0  0   0  4  0  1  0  0/0    25:10   0:00   0:43 
Steve Regier             0  0  0   0  0   2  0  0  0  0  1/1    11:59   0:00   0:00 
Tomas Kaberle            0  2  2   0  2   2  0  0  2  0  0/0    23:32   3:17   0:00 

3 Stars

1 - Michal Handzus (Cal)
2 - David Backes (Cal)
3 - Fredrik Sjostrom (Win)

Power Play

Jets - 0 on 1 Attempt(s) - 0,00%
Flames - 1 on 4 Attempt(s) - 25,00%

Penalty Kill

Jets - 3 on 4 Attempt(s) - 75,00% - Score 0 goal in Penalty Kill
Flames - 1 on 1 Attempt(s) - 100,00% - Score 0 goal in Penalty Kill

Official

Referees : Martell Rob and Rehman Kyle
Linesman : Darren Gibbs and Bryan Pancich

Game Notes

No Game Note

Finance

Level 1 -- Attendance: 4797 (79,95%) -- Ticket Income 455 715 $
Level 2 -- Attendance: 3190 (63,80%) -- Ticket Income 216 920 $
Level 3 -- Attendance: 1245 (62,25%) -- Ticket Income 49 800 $
Level 4 -- Attendance: 2208 (55,20%) -- Ticket Income 66 240 $
Luxury Box -- Attendance: 605 (60,50%) -- Ticket Income 136 125 $
Game was played at the Metal Center
Total Attendance: 12045 (66,92%)
Total Ticket Income: 924 800 $
Other Income: 138 720 $
Total Income: 1 063 520 $

Jets

5 vs 5 Forward 
   Center                   Left Wing                Right Wing               Time % Phy DF OF 
 1 Derek Roy                Benoit Pouliot           Dustin Brown             39     1   2  2  
 2 Mikko Koivu              Jussi Jokinen            Adam Burish              29     1   2  2  
 3 Greg Campbell            Fredrik Sjostrom         Ryan Callahan            22     1   2  2  
 4 Mikko Koivu              Tuomo Ruutu              Eric Fehr                10     1   2  2  

5 vs 5 Defense 
   Defense                  Defense                                           Time % Phy DF OF 
 1 Michal Rozsival          Dmitri Kalinin                                    40     1   2  2  
 2 Mark Streit              Tom Preissing                                     30     1   2  2  
 3 Colin White              Marek Zidlicky                                    20     1   2  2  
 4 Michal Rozsival          Niklas Hjalmarsson                                10     1   2  2  

PowerPlay Forward 
   Center                   Left Wing                Right Wing               Time % Phy DF OF 
 1 Derek Roy                Benoit Pouliot           Dustin Brown             60     1   1  3  
 2 Mikko Koivu              Jussi Jokinen            Adam Burish              40     1   1  3  

PowerPlay Defense
   Defense                  Defense                                           Time % Phy DF OF 
 1 Michal Rozsival          Mark Streit                                       60     1   1  3  
 2 Dmitri Kalinin           Tom Preissing                                     40     1   1  3  

Penalty Kill 4 Players Forward 
   Center                   Wing                     Time % Phy DF OF 
 1 Derek Roy                Adam Burish              60     1   3  1  
 2 Greg Campbell            Tuomo Ruutu              40     1   3  1  

Penalty Kill 4 Players Defense
   Defense                  Defense                  Time % Phy DF OF 
 1 Dmitri Kalinin           Michal Rozsival          60     1   4  0  
 2 Colin White              Tom Preissing            40     1   4  0  

Penalty Kill - 3 Players Forward 
   Forward                                           Time % Phy DF OF 
 1 Derek Roy                                         60     0   4  1  
 2 Greg Campbell                                     40     0   4  1  

Penalty Kill - 3 Players Defense
   Defense                  Defense                  Time % Phy DF OF 
 1 Dmitri Kalinin           Michal Rozsival          60     1   4  0  
 2 Tom Preissing            Colin White              40     1   4  0  

4 vs 4 Forward 
   Center                   Wing                     Time % Phy DF OF 
 1 Derek Roy                Benoit Pouliot           60     1   2  2  
 2 Mikko Koivu              Dustin Brown             40     1   2  2  

4 vs 4 Defense
   Defense                  Defense                  Time % Phy DF OF 
 1 Colin White              Michal Rozsival          60     1   2  2  
 2 Mark Streit              Dmitri Kalinin           40     1   2  2  

Last Minutes Offensive
   Center                   Left Wing                Right Wing               Defense                  Defense                  
   Derek Roy                Benoit Pouliot           Dustin Brown             Dmitri Kalinin           Michal Rozsival          

Last Minutes Defensive
   Center                   Left Wing                Right Wing               Defense                  Defense                  
   Greg Campbell            Tuomo Ruutu              Adam Burish              Dmitri Kalinin           Michal Rozsival          

Goaltenders
Starting : Maxime Daigneault        
Backup : Ilya Bryzgalov           

Extra Forwards
Normal : Greg Campbell, Derek Roy, Fredrik Sjostrom - PP : Greg Campbell, Derek Roy - PK : Fredrik Sjostrom
Extra Defensemen
Normal : Tom Preissing, Mark Streit, Michal Rozsival - PP : Mark Streit - PK : Michal Rozsival, Mark Streit
Penalty Shots
Benoit Pouliot, Derek Roy, Mikko Koivu, Greg Campbell, Adam Burish

Flames

5 vs 5 Forward 
   Center                   Left Wing                Right Wing               Time % Phy DF OF 
 1 Michal Handzus           Alexander Semin          David Backes             40     1   2  2  
 2 Marcel Goc               Mark Bell                Jordin Tootoo            30     1   2  2  
 3 Mikhail Grabovski        Steve Regier             Milan Hejduk             20     1   2  2  
 4 Patrik Berglund          Mike Leclerc             Craig Adams              10     1   2  2  

5 vs 5 Defense 
   Defense                  Defense                                           Time % Phy DF OF 
 1 Tomas Kaberle            Steve Eminger                                     40     1   2  2  
 2 Filip Kuba               Erik Johnson                                      30     1   2  2  
 3 Derek Meech              Ron Hainsey                                       20     1   2  2  
 4 Filip Kuba               Steve Eminger                                     10     1   2  2  

PowerPlay Forward 
   Center                   Left Wing                Right Wing               Time % Phy DF OF 
 1 Michal Handzus           Alexander Semin          David Backes             60     1   2  2  
 2 Patrik Berglund          Mark Bell                Milan Hejduk             40     1   2  2  

PowerPlay Defense
   Defense                  Defense                                           Time % Phy DF OF 
 1 Tomas Kaberle            Erik Johnson                                      60     1   2  2  
 2 Filip Kuba               Ron Hainsey                                       40     1   2  2  

Penalty Kill 4 Players Forward 
   Center                   Wing                     Time % Phy DF OF 
 1 Michal Handzus           Mike Leclerc             60     1   3  1  
 2 Mikhail Grabovski        Jordin Tootoo            40     1   3  1  

Penalty Kill 4 Players Defense
   Defense                  Defense                  Time % Phy DF OF 
 1 Filip Kuba               Steve Eminger            60     1   3  1  
 2 Derek Meech              Erik Johnson             40     1   3  1  

Penalty Kill - 3 Players Forward 
   Forward                                           Time % Phy DF OF 
 1 Mike Leclerc                                      60     1   4  0  
 2 Craig Adams                                       40     1   4  0  

Penalty Kill - 3 Players Defense
   Defense                  Defense                  Time % Phy DF OF 
 1 Filip Kuba               Steve Eminger            60     1   4  0  
 2 Derek Meech              Erik Johnson             40     1   4  0  

4 vs 4 Forward 
   Center                   Wing                     Time % Phy DF OF 
 1 Michal Handzus           Alexander Semin          60     1   2  2  
 2 Marcel Goc               David Backes             40     1   2  2  

4 vs 4 Defense
   Defense                  Defense                  Time % Phy DF OF 
 1 Filip Kuba               Steve Eminger            60     1   2  2  
 2 Tomas Kaberle            Erik Johnson             40     1   2  2  

Last Minutes Offensive
   Center                   Left Wing                Right Wing               Defense                  Defense                  
   Michal Handzus           Alexander Semin          David Backes             Tomas Kaberle            Steve Eminger            

Last Minutes Defensive
   Center                   Left Wing                Right Wing               Defense                  Defense                  
   Michal Handzus           Alexander Semin          David Backes             Filip Kuba               Steve Eminger            

Goaltenders
Starting : Pekka Rinne              
Backup : Craig Anderson           

Extra Forwards
Normal : Alexander Semin, Jordin Tootoo, Michal Handzus - PP : Mark Bell, Milan Hejduk - PK : David Backes
Extra Defensemen
Normal : Erik Johnson, Tomas Kaberle, Derek Meech - PP : Tomas Kaberle - PK : Erik Johnson, Filip Kuba
Penalty Shots
Alexander Semin, Patrik Berglund, David Backes, Milan Hejduk, Mark Bell

% Time on Ice - Jets

Lines # - Real PCT - Wanted PCT - Time Play
Normal Forward
1 - 35% - 39% - 17:44
2 - 25% - 29% - 13:01
3 - 27% - 22% - 13:59
4 - 12% - 10% - 6:20
Normal Defense
1 - 38% - 40% - 19:17
2 - 32% - 30% - 16:24
3 - 24% - 20% - 12:03
4 - 7% - 10% - 3:20
PP Forward
1 - 50% - 60% - 0:59
2 - 50% - 40% - 1:00
PP Defense
1 - 55% - 60% - 1:06
2 - 45% - 40% - 0:53
PK Forward
1 - 73% - 60% - 4:26
2 - 27% - 40% - 1:38
PK Defense
1 - 59% - 60% - 3:35
2 - 41% - 40% - 2:29
PK3 Forward
1 - 0% - 60%
2 - 0% - 40%
PK3 Defense
1 - 0% - 60%
2 - 0% - 40%
44 Forward
1 - 0% - 60%
2 - 0% - 40%
44 Defense
1 - 0% - 60%
2 - 0% - 40%
Last Minute Offensive  - 0:26
Last Minute Defensive  - 0:27
Total
Forward - 60:00
Defense - 60:00

% Time on Ice - Flames

Lines # - Real PCT - Wanted PCT - Time Play
Normal Forward
1 - 34% - 40% - 17:37
2 - 27% - 30% - 13:55
3 - 23% - 20% - 11:59
4 - 15% - 10% - 7:34
Normal Defense
1 - 41% - 40% - 20:55
2 - 30% - 30% - 15:19
3 - 23% - 20% - 11:42
4 - 6% - 10% - 3:09
PP Forward
1 - 54% - 60% - 3:18
2 - 46% - 40% - 2:46
PP Defense
1 - 54% - 60% - 3:17
2 - 46% - 40% - 2:47
PK Forward
1 - 76% - 60% - 1:31
2 - 24% - 40% - 0:28
PK Defense
1 - 36% - 60% - 0:43
2 - 64% - 40% - 1:16
PK3 Forward
1 - 0% - 60%
2 - 0% - 40%
PK3 Defense
1 - 0% - 60%
2 - 0% - 40%
44 Forward
1 - 0% - 60%
2 - 0% - 40%
44 Defense
1 - 0% - 60%
2 - 0% - 40%
Last Minute Offensive  - 0:26
Last Minute Defensive  - 0:26
Total
Forward - 60:00
Defense - 60:00

Play by Play

1st period


0:01 of 1st period - Michal Handzus wins face-off versus Derek Roy in neutral zone.
0:31 of 1st period - Off-side.
0:32 of 1st period - Greg Campbell wins face-off versus Marcel Goc in neutral zone.
0:57 of 1st period - Erik Johnson is hit by Jussi Jokinen and loses puck.
1:46 of 1st period - Snap shot by Mikko Koivu.
1:46 of 1st period - Shot Misses the Net.
1:48 of 1st period - Slapshot by Marek Zidlicky.
1:48 of 1st period - Shot Misses the Net.
2:36 of 1st period - Wrist shot by David Backes.
2:36 of 1st period - Stopped by Maxime Daigneault without a rebound.
2:37 of 1st period - Michal Handzus wins face-off versus Derek Roy in Jets zone.
2:50 of 1st period - Snap shot by Michal Handzus.
2:50 of 1st period - Goal by Michal Handzus - Jets : 0 - Flames : 1.
2:51 of 1st period - Marcel Goc wins face-off versus Mikko Koivu in neutral zone.
3:30 of 1st period - Alexander Semin is hit by Benoit Pouliot and loses puck.
5:35 of 1st period - Benoit Pouliot is hit by Mark Bell and loses puck.
5:54 of 1st period - David Backes is hit by Ryan Callahan and loses puck.
6:01 of 1st period - Slapshot by Derek Meech.
6:01 of 1st period - Stopped by Maxime Daigneault without a rebound.
6:02 of 1st period - Mikko Koivu wins face-off versus Marcel Goc in Jets zone.
6:13 of 1st period - Slapshot by Jordin Tootoo.
6:13 of 1st period - Stopped by Maxime Daigneault without a rebound.
6:14 of 1st period - Derek Roy wins face-off versus Michal Handzus in Jets zone.
7:02 of 1st period - Slapshot by Michal Rozsival.
7:02 of 1st period - Shot Misses the Net.
7:43 of 1st period - Snap shot by Mikko Koivu.
7:43 of 1st period - Stopped by Pekka Rinne with a rebound.
7:45 of 1st period - Wrist shot by Eric Fehr.
7:45 of 1st period - Shot Blocked by Ron Hainsey.
7:47 of 1st period - Slapshot by Michal Rozsival.
7:47 of 1st period - Stopped by Pekka Rinne without a rebound.
7:48 of 1st period - Michal Handzus wins face-off versus Greg Campbell in Flames zone.
8:01 of 1st period - Off-side.
8:02 of 1st period - Marcel Goc wins face-off versus Mikko Koivu in neutral zone.
8:57 of 1st period - Snap shot by Steve Regier.
8:57 of 1st period - Shot Blocked by Marek Zidlicky.
9:21 of 1st period - Snap shot by Tuomo Ruutu.
9:21 of 1st period - Stopped by Pekka Rinne with a rebound.
9:23 of 1st period - Snap shot by Mikko Koivu.
9:23 of 1st period - Stopped by Pekka Rinne without a rebound.
9:24 of 1st period - Derek Roy wins face-off versus Michal Handzus in Flames zone.
9:39 of 1st period - Snap shot by Dustin Brown.
9:39 of 1st period - Stopped by Pekka Rinne with a rebound.
10:11 of 1st period - Snap shot by David Backes.
10:11 of 1st period - Shot Misses the Net.
10:19 of 1st period - Slapshot by Mark Streit.
10:19 of 1st period - Shot Misses the Net.
11:14 of 1st period - Wrist shot by Eric Fehr.
11:14 of 1st period - Stopped by Pekka Rinne with a rebound.
11:16 of 1st period - Snap shot by Mikko Koivu.
11:16 of 1st period - Stopped by Pekka Rinne with a rebound.
11:18 of 1st period - Wrist shot by Tuomo Ruutu.
11:18 of 1st period - Goal by Tuomo Ruutu - Jets : 1 - Flames : 1.
11:19 of 1st period - Marcel Goc wins face-off versus Derek Roy in neutral zone.
12:30 of 1st period - Wrist shot by Patrik Berglund.
12:30 of 1st period - Shot Misses the Net.
12:32 of 1st period - Slapshot by Filip Kuba.
12:32 of 1st period - Stopped by Maxime Daigneault without a rebound.
12:33 of 1st period - Mikko Koivu wins face-off versus Marcel Goc in Jets zone.
12:48 of 1st period - Wrist shot by Marcel Goc.
12:48 of 1st period - Stopped by Maxime Daigneault without a rebound.
12:49 of 1st period - Dustin Brown wins face-off versus Michal Handzus in Jets zone.
12:49 of 1st period - Dustin Brown is hit by Steve Eminger.
13:15 of 1st period - Jordin Tootoo is hit by Mark Streit and loses puck.
13:28 of 1st period - Slapshot by Jussi Jokinen.
13:28 of 1st period - Stopped by Pekka Rinne with a rebound.
13:38 of 1st period - Snap shot by Fredrik Sjostrom.
13:38 of 1st period - Stopped by Pekka Rinne without a rebound.
13:39 of 1st period - David Backes wins face-off versus Greg Campbell in Flames zone.
13:43 of 1st period - Off-side.
13:44 of 1st period - Michal Handzus wins face-off versus Greg Campbell in neutral zone.
13:49 of 1st period - Michal Rozsival is hit by Erik Johnson and loses puck.
14:07 of 1st period - Snap shot by Greg Campbell.
14:07 of 1st period - Stopped by Pekka Rinne with a rebound.
14:09 of 1st period - Slapshot by Dmitri Kalinin.
14:09 of 1st period - Stopped by Pekka Rinne with a rebound.
14:11 of 1st period - Slapshot by Dmitri Kalinin.
14:11 of 1st period - Shot Blocked by Erik Johnson.
14:13 of 1st period - Snap shot by Ryan Callahan.
14:13 of 1st period - Shot Blocked by Filip Kuba.
14:27 of 1st period - Filip Kuba is hit by Dmitri Kalinin and loses puck.
14:34 of 1st period - Snap shot by Fredrik Sjostrom.
14:34 of 1st period - Shot Blocked by Filip Kuba.
14:36 of 1st period - Snap shot by Michal Rozsival.
14:36 of 1st period - Deflect By Greg Campbell.
14:36 of 1st period - Shot Misses the Net.
14:36 of 1st period - Puck is out of play.
14:37 of 1st period - Derek Roy wins face-off versus Marcel Goc in Flames zone.
15:02 of 1st period - Wrist shot by Mikhail Grabovski.
15:02 of 1st period - Stopped by Maxime Daigneault without a rebound.
15:03 of 1st period - Mikko Koivu wins face-off versus Mikhail Grabovski in Jets zone.
15:52 of 1st period - Slapshot by David Backes.
15:52 of 1st period - Shot Blocked by Greg Campbell.
16:02 of 1st period - Wrist shot by David Backes.
16:02 of 1st period - Deflect By Tom Preissing.
16:02 of 1st period - Shot Blocked by Tom Preissing.
16:02 of 1st period - Puck is out of play.
16:03 of 1st period - Mikko Koivu wins face-off versus Marcel Goc in Jets zone.
16:25 of 1st period - Icing by Mark Bell.
16:26 of 1st period - Dustin Brown wins face-off versus Marcel Goc in Flames zone.
16:27 of 1st period - Slapshot by Benoit Pouliot.
16:27 of 1st period - Shot Misses the Net.
16:39 of 1st period - Wrist shot by Jordin Tootoo.
16:39 of 1st period - Shot Misses the Net.
16:55 of 1st period - Wrist shot by Jussi Jokinen.
16:55 of 1st period - Stopped by Pekka Rinne without a rebound.
16:56 of 1st period - David Backes wins face-off versus Mikko Koivu in Flames zone.
16:56 of 1st period - David Backes is hit by Adam Burish.
17:02 of 1st period - David Backes is hit by Jussi Jokinen and loses puck.
17:15 of 1st period - Snap shot by Alexander Semin.
17:15 of 1st period - Shot Blocked by Adam Burish.
17:17 of 1st period - Snap shot by Derek Meech.
17:17 of 1st period - Shot Misses the Net.
17:29 of 1st period - Wrist shot by David Backes.
17:29 of 1st period - Goal by David Backes - Jets : 1 - Flames : 2.
17:30 of 1st period - Derek Roy wins face-off versus Mikhail Grabovski in neutral zone.
17:43 of 1st period - Wrist shot by Dustin Brown.
17:43 of 1st period - Shot Misses the Net.
17:55 of 1st period - Michal Handzus is hit by Tuomo Ruutu and loses puck.
18:04 of 1st period - Wrist shot by Mikko Koivu.
18:04 of 1st period - Stopped by Pekka Rinne with a rebound.
18:22 of 1st period - Slapshot by Tomas Kaberle.
18:22 of 1st period - Stopped by Maxime Daigneault without a rebound.
18:23 of 1st period - Derek Roy wins face-off versus Mikhail Grabovski in Jets zone.
18:32 of 1st period - Slapshot by Dustin Brown.
18:32 of 1st period - Stopped by Pekka Rinne without a rebound.
18:33 of 1st period - Derek Roy wins face-off versus Mikhail Grabovski in Flames zone.
18:46 of 1st period - Slapshot by Milan Hejduk.
18:46 of 1st period - Shot Blocked by Derek Roy.
18:56 of 1st period - Snap shot by Filip Kuba.
18:56 of 1st period - Stopped by Maxime Daigneault without a rebound.
18:57 of 1st period - Adam Burish wins face-off versus Michal Handzus in Jets zone.
19:02 of 1st period - Snap shot by Adam Burish.
19:02 of 1st period - Goal by Adam Burish - Jets : 2 - Flames : 2.
19:03 of 1st period - Michal Handzus wins face-off versus Dustin Brown in neutral zone.
19:56 of 1st period - Mikko Koivu is hit by Mike Leclerc and loses puck.
Goals for this period are 2 for Jets vs 2 for Flames.
Shots for this period are 16 for Jets vs 10 for Flames.

2nd period


0:01 of 2nd period - Derek Roy wins face-off versus Michal Handzus in neutral zone.
0:04 of 2nd period - Slapshot by Michal Rozsival.
0:04 of 2nd period - Shot Misses the Net.
0:14 of 2nd period - Wrist shot by Dustin Brown.
0:14 of 2nd period - Shot Blocked by Filip Kuba.
0:16 of 2nd period - Wrist shot by Dustin Brown.
0:16 of 2nd period - Stopped by Pekka Rinne with a rebound.
0:26 of 2nd period - Niklas Hjalmarsson is hit by Jordin Tootoo and loses puck.
1:22 of 2nd period - Snap shot by Dustin Brown.
1:22 of 2nd period - Stopped by Pekka Rinne without a rebound.
1:23 of 2nd period - Alexander Semin wins face-off versus Derek Roy in Flames zone.
1:39 of 2nd period - Snap shot by Benoit Pouliot.
1:39 of 2nd period - Stopped by Pekka Rinne with a rebound.
2:01 of 2nd period - Wrist shot by Jussi Jokinen.
2:01 of 2nd period - Deflect By Mikko Koivu.
2:01 of 2nd period - Shot Misses the Net.
2:01 of 2nd period - Puck is out of play.
2:02 of 2nd period - Mikko Koivu wins face-off versus Mikhail Grabovski in Flames zone.
2:27 of 2nd period - Erik Johnson is hit by Derek Roy and loses puck.
2:55 of 2nd period - Mark Bell is hit by Fredrik Sjostrom and loses puck.
3:19 of 2nd period - Wrist shot by Mike Leclerc.
3:19 of 2nd period - Deflect By Craig Adams.
3:19 of 2nd period - Stopped by Maxime Daigneault without a rebound.
3:20 of 2nd period - Patrik Berglund wins face-off versus Derek Roy in Jets zone.
3:25 of 2nd period - Snap shot by Mike Leclerc.
3:25 of 2nd period - Stopped by Maxime Daigneault without a rebound.
3:26 of 2nd period - Benoit Pouliot wins face-off versus Michal Handzus in Jets zone.
3:40 of 2nd period - Snap shot by Benoit Pouliot.
3:40 of 2nd period - Shot Misses the Net.
3:43 of 2nd period - Icing by Tomas Kaberle.
3:44 of 2nd period - Mikko Koivu wins face-off versus Michal Handzus in Flames zone.
4:40 of 2nd period - Wrist shot by Michal Rozsival.
4:40 of 2nd period - Shot Misses the Net.
4:42 of 2nd period - Snap shot by Ryan Callahan.
4:42 of 2nd period - Stopped by Pekka Rinne without a rebound.
4:43 of 2nd period - Michal Handzus wins face-off versus Mikko Koivu in Flames zone.
4:48 of 2nd period - Colin White is hit by Michal Handzus and loses puck.
5:15 of 2nd period - Snap shot by Jordin Tootoo.
5:15 of 2nd period - Stopped by Maxime Daigneault without a rebound.
5:16 of 2nd period - Mikhail Grabovski wins face-off versus Derek Roy in Jets zone.
5:27 of 2nd period - Snap shot by Steve Regier.
5:27 of 2nd period - Stopped by Maxime Daigneault with a rebound.
5:41 of 2nd period - David Backes is hit by Mikko Koivu and loses puck.
6:28 of 2nd period - Slapshot by Tomas Kaberle.
6:28 of 2nd period - Stopped by Maxime Daigneault with a rebound.
6:30 of 2nd period - Slapshot by Mike Leclerc.
6:30 of 2nd period - Stopped by Maxime Daigneault with a rebound.
6:42 of 2nd period - Steve Regier is hit by Mikko Koivu and loses puck.
7:30 of 2nd period - Slapshot by Jordin Tootoo.
7:30 of 2nd period - Shot Misses the Net.
7:32 of 2nd period - Minor Penalty to Mikko Koivu for High sticking.
7:33 of 2nd period - David Backes wins face-off versus Derek Roy in Jets zone.
9:32 of 2nd period - Penalty to Mikko Koivu is over, Mikko Koivu is back on ice.
9:37 of 2nd period - Snap shot by Mikko Koivu.
9:37 of 2nd period - Stopped by Pekka Rinne with a rebound.
9:39 of 2nd period - Slapshot by Michal Rozsival.
9:39 of 2nd period - Stopped by Pekka Rinne without a rebound.
9:40 of 2nd period - Mikko Koivu wins face-off versus Milan Hejduk in Flames zone.
10:12 of 2nd period - Slapshot by Benoit Pouliot.
10:12 of 2nd period - Shot Misses the Net.
10:22 of 2nd period - Fredrik Sjostrom is hit by Jordin Tootoo.
10:56 of 2nd period - Dmitri Kalinin is hit by Patrik Berglund and loses puck.
11:36 of 2nd period - Backhand shot by Marek Zidlicky.
11:36 of 2nd period - Stopped by Pekka Rinne with a rebound.
11:38 of 2nd period - Slapshot by Colin White.
11:38 of 2nd period - Shot Blocked by Derek Meech.
11:40 of 2nd period - Snap shot by Adam Burish.
11:40 of 2nd period - Shot Blocked by Ron Hainsey.
11:42 of 2nd period - Wrist shot by Mikko Koivu.
11:42 of 2nd period - Deflect By Jordin Tootoo.
11:42 of 2nd period - Stopped by Pekka Rinne with a rebound.
11:44 of 2nd period - Wrist shot by Jussi Jokinen.
11:44 of 2nd period - Deflect By Jordin Tootoo.
11:44 of 2nd period - Stopped by Pekka Rinne without a rebound.
11:45 of 2nd period - Derek Roy wins face-off versus Patrik Berglund in Flames zone.
12:11 of 2nd period - Wrist shot by David Backes.
12:11 of 2nd period - Shot Misses the Net.
12:13 of 2nd period - Minor Penalty to Mikko Koivu for Roughing.
12:14 of 2nd period - Michal Handzus wins face-off versus Derek Roy in Jets zone.
12:25 of 2nd period - Snap shot by David Backes.
12:25 of 2nd period - Stopped by Maxime Daigneault with a rebound.
12:27 of 2nd period - Slapshot by Erik Johnson.
12:27 of 2nd period - Shot Misses the Net.
14:13 of 2nd period - Penalty to Mikko Koivu is over, Mikko Koivu is back on ice.
14:19 of 2nd period - Slapshot by Tuomo Ruutu.
14:19 of 2nd period - Stopped by Pekka Rinne with a rebound.
14:21 of 2nd period - Wrist shot by Michal Rozsival.
14:21 of 2nd period - Stopped by Pekka Rinne with a rebound.
14:23 of 2nd period - Slapshot by Michal Rozsival.
14:23 of 2nd period - Stopped by Pekka Rinne with a rebound.
14:56 of 2nd period - Derek Meech is hit by Jussi Jokinen and loses puck.
15:57 of 2nd period - Tom Preissing is hit by Mike Leclerc and loses puck.
17:27 of 2nd period - Tom Preissing is hit by Steve Eminger and loses puck.
17:38 of 2nd period - Michal Handzus is hit by Fredrik Sjostrom and loses puck.
17:47 of 2nd period - Erik Johnson is hit by Dustin Brown and loses puck.
18:12 of 2nd period - Colin White is hit by Steve Eminger and loses puck.
19:08 of 2nd period - Snap shot by Greg Campbell.
19:08 of 2nd period - Shot Misses the Net.
Goals for this period are 0 for Jets vs 0 for Flames.
Shots for this period are 12 for Jets vs 7 for Flames.

3rd period


0:01 of 3rd period - Dustin Brown wins face-off versus Michal Handzus in neutral zone.
0:26 of 3rd period - Michal Rozsival is hit by Erik Johnson and loses puck.
1:23 of 3rd period - Mikko Koivu is hit by Steve Eminger and loses puck.
1:39 of 3rd period - Minor Penalty to Eric Fehr for Slashing.
1:40 of 3rd period - David Backes wins face-off versus Derek Roy in Jets zone.
3:39 of 3rd period - Penalty to Eric Fehr is over, Eric Fehr is back on ice.
4:07 of 3rd period - Marcel Goc is hit by Mark Streit and loses puck.
4:49 of 3rd period - Marek Zidlicky is hit by Mike Leclerc and loses puck.
5:19 of 3rd period - Greg Campbell is hit by David Backes and loses puck.
5:30 of 3rd period - Slapshot by Marcel Goc.
5:30 of 3rd period - Stopped by Maxime Daigneault without a rebound.
5:31 of 3rd period - Marcel Goc wins face-off versus Derek Roy in Jets zone.
6:11 of 3rd period - Filip Kuba is hit by Jussi Jokinen and loses puck.
6:30 of 3rd period - Backhand shot by Mikko Koivu.
6:30 of 3rd period - Stopped by Pekka Rinne without a rebound.
6:31 of 3rd period - Derek Roy wins face-off versus Mikhail Grabovski in Flames zone.
6:40 of 3rd period - Slapshot by Dustin Brown.
6:40 of 3rd period - Stopped by Pekka Rinne without a rebound.
6:41 of 3rd period - Derek Roy wins face-off versus Michal Handzus in Flames zone.
6:42 of 3rd period - Snap shot by Benoit Pouliot.
6:42 of 3rd period - Stopped by Pekka Rinne with a rebound.
6:50 of 3rd period - Slapshot by Erik Johnson.
6:50 of 3rd period - Deflect By David Backes.
6:50 of 3rd period - Stopped by Maxime Daigneault with a rebound.
6:52 of 3rd period - Snap shot by Alexander Semin.
6:52 of 3rd period - Stopped by Maxime Daigneault with a rebound.
6:54 of 3rd period - Snap shot by David Backes.
6:54 of 3rd period - Shot Misses the Net.
7:24 of 3rd period - Off-side.
7:25 of 3rd period - Mikhail Grabovski wins face-off versus Greg Campbell in neutral zone.
7:28 of 3rd period - Slapshot by Filip Kuba.
7:28 of 3rd period - Shot Misses the Net.
7:50 of 3rd period - Ryan Callahan is hit by Mark Bell and loses puck.
7:59 of 3rd period - Wrist shot by Mark Bell.
7:59 of 3rd period - Shot Blocked by Greg Campbell.
8:15 of 3rd period - Snap shot by David Backes.
8:15 of 3rd period - Shot Misses the Net.
8:17 of 3rd period - Slapshot by David Backes.
8:17 of 3rd period - Stopped by Maxime Daigneault with a rebound.
8:59 of 3rd period - Backhand shot by Mikhail Grabovski.
8:59 of 3rd period - Stopped by Maxime Daigneault without a rebound.
9:00 of 3rd period - Alexander Semin wins face-off versus Mikko Koivu in Jets zone.
9:14 of 3rd period - Off-side.
9:15 of 3rd period - Derek Roy wins face-off versus Marcel Goc in neutral zone.
9:18 of 3rd period - Steve Eminger is hit by Derek Roy and loses puck.
9:52 of 3rd period - Snap shot by David Backes.
9:52 of 3rd period - Stopped by Maxime Daigneault without a rebound.
9:53 of 3rd period - Derek Roy wins face-off versus Marcel Goc in Jets zone.
10:08 of 3rd period - Wrist shot by Benoit Pouliot.
10:08 of 3rd period - Stopped by Pekka Rinne without a rebound.
10:09 of 3rd period - Mikko Koivu wins face-off versus Michal Handzus in Flames zone.
10:10 of 3rd period - Wrist shot by Adam Burish.
10:10 of 3rd period - Stopped by Pekka Rinne without a rebound.
10:11 of 3rd period - Michal Handzus wins face-off versus Mikko Koivu in Flames zone.
10:38 of 3rd period - Dmitri Kalinin is hit by Marcel Goc and loses puck.
11:15 of 3rd period - Minor Penalty to Tomas Kaberle for Hooking.
11:16 of 3rd period - Derek Roy wins face-off versus Mike Leclerc in Flames zone.
11:48 of 3rd period - Off-side.
11:49 of 3rd period - Michal Handzus wins face-off versus Derek Roy in neutral zone.
12:08 of 3rd period - Slapshot by Tom Preissing.
12:08 of 3rd period - Shot Hit the Post.
12:48 of 3rd period - Michal Rozsival is hit by Mikhail Grabovski and loses puck.
13:13 of 3rd period - Steve Eminger is hit by Mikko Koivu and loses puck.
13:15 of 3rd period - Penalty to Tomas Kaberle is over, Tomas Kaberle is back on ice.
13:39 of 3rd period - Icing by Michal Rozsival.
13:40 of 3rd period - Steve Regier wins face-off versus Greg Campbell in Jets zone.
13:53 of 3rd period - Snap shot by Greg Campbell.
13:53 of 3rd period - Shot Misses the Net.
13:55 of 3rd period - Slapshot by Fredrik Sjostrom.
13:55 of 3rd period - Goal by Fredrik Sjostrom - Jets : 3 - Flames : 2.
13:56 of 3rd period - Michal Handzus wins face-off versus Benoit Pouliot in neutral zone.
14:49 of 3rd period - Marcel Goc is hit by Ryan Callahan and loses puck.
15:34 of 3rd period - Snap shot by Craig Adams.
15:34 of 3rd period - Stopped by Maxime Daigneault without a rebound.
15:35 of 3rd period - Derek Roy wins face-off versus Craig Adams in Jets zone.
15:44 of 3rd period - Wrist shot by Mike Leclerc.
15:44 of 3rd period - Stopped by Maxime Daigneault with a rebound.
15:46 of 3rd period - Wrist shot by Mike Leclerc.
15:46 of 3rd period - Shot Misses the Net.
15:48 of 3rd period - Slapshot by Mike Leclerc.
15:48 of 3rd period - Shot Blocked by Marek Zidlicky.
16:20 of 3rd period - Wrist shot by Fredrik Sjostrom.
16:20 of 3rd period - Deflect By Greg Campbell.
16:20 of 3rd period - Shot Blocked by Erik Johnson.
16:20 of 3rd period - Puck is out of play.
16:21 of 3rd period - Greg Campbell wins face-off versus Mikhail Grabovski in Flames zone.
16:22 of 3rd period - Backhand shot by Fredrik Sjostrom.
16:22 of 3rd period - Stopped by Pekka Rinne with a rebound.
16:55 of 3rd period - Backhand shot by Erik Johnson.
16:55 of 3rd period - Shot Misses the Net.
16:57 of 3rd period - Snap shot by Milan Hejduk.
16:57 of 3rd period - Shot Misses the Net.
17:10 of 3rd period - Dustin Brown is hit by Mikhail Grabovski and loses puck.
17:31 of 3rd period - Snap shot by Steve Regier.
17:31 of 3rd period - Stopped by Maxime Daigneault without a rebound.
17:32 of 3rd period - Tuomo Ruutu wins face-off versus Michal Handzus in Jets zone.
18:29 of 3rd period - Wrist shot by Patrik Berglund.
18:29 of 3rd period - Stopped by Maxime Daigneault without a rebound.
18:30 of 3rd period - Michal Handzus wins face-off versus Derek Roy in Jets zone.
18:31 of 3rd period - Flames, Pekka Rinne is pulled from the net.
18:56 of 3rd period - Mark Streit is hit by Erik Johnson and loses puck.
19:16 of 3rd period - Minor Penalty to Tom Preissing for Tripping.
19:17 of 3rd period - Patrik Berglund wins face-off versus Adam Burish in Jets zone.
19:17 of 3rd period - Snap shot by Milan Hejduk.
19:17 of 3rd period - Shot Misses the Net.
19:19 of 3rd period - Snap shot by Patrik Berglund.
19:19 of 3rd period - Shot Blocked by Adam Burish.
19:23 of 3rd period - Wrist shot by Mark Bell.
19:23 of 3rd period - Goal by Mark Bell - Jets : 3 - Flames : 3.
19:23 of 3rd period - Pekka Rinne from Flames was sent back in the game.
19:24 of 3rd period - Mikhail Grabovski wins face-off versus Mikko Koivu in neutral zone.
19:27 of 3rd period - Slapshot by Tomas Kaberle.
19:27 of 3rd period - Shot Misses the Net.
19:31 of 3rd period - Slapshot by Mikhail Grabovski.
19:31 of 3rd period - Stopped by Maxime Daigneault with a rebound.
19:33 of 3rd period - Wrist shot by Milan Hejduk.
19:33 of 3rd period - Goal by Milan Hejduk - Jets : 3 - Flames : 4.
19:34 of 3rd period - David Backes wins face-off versus Derek Roy in neutral zone.
19:37 of 3rd period - Wrist shot by Alexander Semin.
19:37 of 3rd period - Shot Hit the Post.
19:39 of 3rd period - Slapshot by Michal Handzus.
19:39 of 3rd period - Deflect By David Backes.
19:39 of 3rd period - Stopped by Maxime Daigneault without a rebound.
19:40 of 3rd period - Marc Crawford call a timeout for Jets.
19:40 of 3rd period - Derek Roy wins face-off versus Michal Handzus in Jets zone.
Goals for this period are 1 for Jets vs 2 for Flames.
Shots for this period are 7 for Jets vs 14 for Flames.


Output by the SimonT Hockey Simulator (STHS) for François Prévost -- Original Page W3C XHTML 1.0 Valid
Hockey Simulator - Hockey Simulation - Hockey Manager